 Dungeon Crawl Stone Soup version 0.31-a0-859-g9dce7d3444 (webtiles) character file.

Game seed: 17478446589936244080

433 Maratek the Poker (level 7, -2/55 HPs)
             Began as a Merfolk Fighter on Oct 9, 2023.
             Killed by divine providence
             ... invoked by an orc priest
              (17 damage)
             ... on level 6 of the Dungeon.
             The game lasted 00:04:49 (3491 turns).

Maratek the Poker (Merfolk Fighter)                 Turns: 3491, Time: 00:04:49

Health: -2/55      AC: 10    Str: 19    XL:     7   Next: 0%
Magic:  7/7        EV: 11    Int:  7    God:
Gold:   140        SH: 11    Dex: 19    Spells: 6/6 levels left

rFire   . . .        a - +0 trident
rCold   . . .        i - +1 kite shield
rNeg    . . .        l - +3 leather armour
rPois   .            (no helmet)
rElec   .            (no cloak)
rCorr   .            (no gloves)
SInv    .            (no boots)
Will    .....        (no amulet)
Stlth   ++           m - +4 ring of protection
HPRegen 0.29/turn    q - +6 ring of dexterity
MPRegen 0.10/turn

%: no passive effects
@: no status effects
A: (nimble swimmer 2), mertail
a: no special abilities


You were on level 6 of the Dungeon.
You visited 1 branch of the dungeon, and saw 5 of its levels.

You collected 140 gold pieces.

Inventory:

Hand Weapons
 a - a +0 trident (weapon)
Armour
 i - a +1 kite shield (worn)
 l - a +3 leather armour (worn)
Jewellery
 c - a ring of protection from fire
 g - a ring of positive energy
 m - a +4 ring of protection (left hand)
 q - a +6 ring of dexterity (right hand)
Scrolls
 f - a scroll of noise
 h - a scroll of fog {unknown}
 k - a scroll of teleportation {unknown}
Potions
 b - a potion of curing {unknown}
 d - a potion of might
 e - a potion of berserk rage {unknown}
 j - 2 potions of cancellation {unknown}
 n - a potion of haste {unknown}
 o - a potion of invisibility {unknown}
 p - a potion of resistance {unknown}


   Skills:
 + Level 4.5 Fighting
 + Level 6.5 Polearms
 + Level 3.0 Armour
 + Level 2.3 Dodging
 + Level 0.3 Stealth
 + Level 3.9 Shields


You had 6 spell levels left.
You didn't know any spells.
Your spell library contained the following spells:

 Spells                   Type           Power      Damage    Failure   Level
 Sting                    Tmut/Pois      0%         1d3       80%         1
 Poisonous Vapours        Pois/Air       0%         N/A       91%         2
 Olgreb's Toxic Radiance  Pois           0%         N/A       100%        4


Dungeon Overview and Level Annotations

Branches:
Dungeon (4/15)
 Temple: D:4-7

Altars:
Cheibriados
Makhleb
Yredelemnul

Shops:
D:4 (   D:6 (


Innate Abilities, Weirdness & Mutations

((You are very nimble when in or above water. (Stealth+, EV+, Speed+++)))
Your lower body shifts to a powerful aquatic tail in water.


Message History

The orc priest is severely wounded.
Something hits you.
The orc priest hits you but does no damage.
You barely miss the orc priest.
The orc priest is severely wounded.
Something hits you but does no damage.
The orc priest hits you but does no damage.
You closely miss the orc priest.
The orc priest is severely wounded.
Something hits you but does no damage.
The orc priest hits you with a +0 dagger.
You hit the orc priest.
The orc priest is severely wounded.
Something hits you but does no damage.
The orc priest hits you with a +0 dagger.
You barely miss the orc priest.
The orc priest is severely wounded.
You hear some strange, mumbled words.
A puff of flame appears from out of thin air!
The puff of flame hits you but does no damage.
The orc priest calls down the wrath of Beogh upon you.
Beogh smites you! You block the orc priest's attack.
You hear some strange, mumbled words.
Something tries to affect you, but you resist.
You hit the orc priest.
The orc priest is severely wounded.
You hear some strange, mumbled words.
A magic dart appears from out of thin air!
The magic dart hits you.
* * * LOW HITPOINT WARNING * * *
You block the orc priest's attack.
You hit the orc priest but do no damage.
The orc priest is severely wounded.
You block something's attack. You block the orc priest's attack.
You hit the orc priest but do no damage.
The orc priest is severely wounded.
Something hits you but does no damage.
The orc priest mumbles some strange prayers to Beogh against you.
Beogh smites you!
You die...

# ....... #. .......
#.### ....<.. ...# #...
....... #.## #...
....... #..######...
.....). ####...........
.....)o###...)..#####...
......{@...####.### #...
|..........# #...###...
###........# ###..##...
#.......... ##..###.
#..?.....#..#####.###.
#......>.#./.).)......
#.......§.......§..§(.
.........≈§≈≈≈≈§≈≈§§..
##..##...≈§§§§.§h.§≈..


You could see an orc priest.

Vanquished Creatures
  Edmund (D:6)
  A phantom (D:2)
  2 orc priests
  Jessica (D:3)
  3 gnolls (D:4)
  3 adders
  A white imp (D:6)
  3 worms
  A dart slug (D:3)
  15 orcs
  2 ball pythons (D:4)
  3 bats (D:1)
  6 endoplasms
  2 giant cockroaches
  5 hobgoblins
  3 jackals (D:1)
  5 kobolds
  4 quokkas
  3 frilled lizards
  3 goblins
  4 rats
71 creatures vanquished.

Notes
Turn   | Place    | Note
-------+----------+-------------------------------------------
     0 | D:1      | Maratek the Merfolk Fighter began the quest for the Orb.
     0 | D:1      | Reached XP level 1. HP: 18/18 MP: 1/1
   255 | D:1      | Reached XP level 2. HP: 24/24 MP: 2/2
   782 | D:2      | Reached skill level 3 in Polearms
   832 | D:2      | Reached XP level 3. HP: 21/30 MP: 3/3
   952 | D:2      | Noticed a phantom
   980 | D:2      | Killed a phantom
   981 | D:2      | Reached skill level 4 in Polearms
   981 | D:2      | Reached skill level 1 in Dodging
   981 | D:2      | Reached XP level 4. HP: 29/37 MP: 4/4
  1103 | D:2      | Reached XP level 5. HP: 41/42 MP: 5/5
  2108 | D:3      | Reached skill level 5 in Polearms
  2208 | D:3      | Found a burning altar of Makhleb.
  2357 | D:3      | Found a basalt altar of Yredelemnul.
  2436 | D:3      | Noticed Jessica
  2440 | D:3      | Killed Jessica
  2744 | D:3      | Found a faded altar of an unknown god.
  2748 | D:3      | Found a snail-covered altar of Cheibriados.
  2899 | D:4      | Found Epuig's Antique Weapon Boutique.
  2977 | D:4      | Identified the +4 falchion of Gozag's Hope {antimagic,
                  | rPois Str-3 Int+5}
  3061 | D:4      | Reached XP level 6. HP: 43/49 MP: 6/6
  3280 | D:4      | You fall into a shaft and drop 2 floors!
  3284 | D:6      | Found Riasovog's Weapon Shop.
  3287 | D:6      | Noticed Edmund
  3298 | D:6      | Noticed a black bear
  3303 | D:6      | Killed Edmund
  3304 | D:6      | Reached skill level 6 in Polearms
  3482 | D:6      | Reached XP level 7. HP: 53/55 MP: 7/7
  3491 | D:6      | Killed from afar by an orc priest

Illustrated notes

Levels and vault maps discovered:
D:1:      dpeg_arrival_rhombus, layout_basic, chequers_jeans,
          supply_closet_lemuel
D:2:      layout_basic
D:3:      layout_basic, yredelemnul_altar_generic,
          nicolae_overflow_ecumenical_swirl, overflow_temple_1_default,
          uniq_jessica
D:4:      layout_rooms, serial_shops, shop, saegor_snake_ambush
D:6:      layout_rooms, nemelex_diamond_rough_becter, serial_shops,
          nicolae_inconvenience_store, uniq_maggie, uniq_edmund

Skill      XL: |  1  2  3  4  5  6 |
---------------+-------------------+-----
Polearms       | 3 4 5 6 |  6.5
Fighting       | 4 |  4.5
Dodging        | 1 2 |  2.3
Armour         | 3 |  3.0
Stealth        | |  0.3
Shields        | |  3.9

Action                     |  1- 3 |  4- 6 |  7- 9 || total
---------------------------+-------+-------+-------++-------
  Melee: Trident           |    99 |   170 |    10 ||   279
         Tailslap          |       |     1 |       ||     1
    Use: Scroll            |       |     4 |       ||     4
 Armour: Scale mail        |    61 |    26 |       ||    87
         Leather armour    |       |    39 |    13 ||    52
  Dodge: Dodged            |    32 |    36 |       ||    68
  Block: Buckler           |    18 |     4 |       ||    22
         Kite shield       |       |    41 |     4 ||    45

Table legend: (Time is in decaauts)
 A = Elapsed time spent in this place.
 B = Non-inter-level travel time spent in this place.
 C = Inter-level travel time spent in this place.
 D = Time resting spent in this place.
 E = Time spent auto-exploring this place.
 F = Levels seen in this place.
 G = Mean time per level.
                   A        B        C        D        E       F      G
               +--------+--------+--------+--------+--------+-----+--------+
         Total |   3522 |   3367 |    155 |    132 |   2678 |   5 |  704.4 |
       Dungeon |   3522 |   3367 |    155 |    132 |   2678 |   5 |  704.4 |
               +--------+--------+--------+--------+--------+-----+--------+

Top non-repeatable levels by time:
     D:3: 1108 daAuts
     D:2: 1001 daAuts
     D:1: 761 daAuts
     D:4: 436 daAuts
     D:6: 214 daAuts
